[Event "45th FIDE Olympiad 2024"]
[Site "Budapest"]
[Date "2024.09.16"]
[Round "6.80"]
[White "Papp, Gabor"]
[Black "Murshed, Niaz"]
[Result "0-1"]
[ECO "C54"]
[WhiteElo "2550"]
[BlackElo "2318"]
[Annotator "TA"]
[PlyCount "124"]
[EventDate "2024.09.05"]
[EventType "team-tourn"]
[EventCountry "HUN"]
[SourceTitle "playchess.com"]
[Source "ChessBase"]
[SourceQuality "1"]
[WhiteTeam "Hungary B"]
[BlackTeam "Bangladesh"]
[BlackTeamCountry "BAN"]
[TimeControl "40/5400+30:1800+30"]

1. e4 e5 2. Nf3 Nc6 3. Bc4 Bc5 4. d3 Nf6 5. Bg5 h6 6. Bh4 g5 7. Bg3 d6 8. c3 Qe7 {C54: Giuoco Piano: 4 c3 Nf6, main lines with 5 d4 and 5 d3.} 9. Nbd2 a6 10. a4 Ba7 11. O-O Nh7 12. b4 h5 13. h4 g4 14. Ne1 Nf8 15. Nc2 Ng6 16. Ne3 Be6 17. d4 $146 ({Predecessor:} 17. b5 Nd8 18. d4 Nxh4 19. dxe5 dxe5 20. Bxe5 O-O 21. Bxe6 fxe6 22. Bd4 c5 23. bxc6 Nxc6 24. Bxa7 Rxa7 {½-½ Dominguez Perez,L (2758)-Svidler,P (2714) Sinquefield Cup 8th 2021 (6)}) 17... exd4 18. Nf5 Qf6 19. b5 Nce5 (19... dxc3 $5 20. bxc6 bxc6 $11) 20. Bxe6 fxe6 21. Nxd4 a5 22. Qb3 Kd7 23. Rad1 (23. f4 $11 gxf3 24. N2xf3 (24. Rad1 Rag8 $17) 24... Nxf3+ 25. Rxf3) 23... Raf8 (23... Rae8 $15) 24. Nc4 (24. f4 $11 gxf3 25. N2xf3) 24... Nxc4 $15 25. Qxc4 Bb6 $1 26. Kh1 Ne5 (26... Nxh4 $2 27. e5 Qg6 28. Bxh4 $18) 27. Qa2 Rhg8 28. Rfe1 Rg6 29. Re2 Kc8 30. Qb3 ({Only move:} 30. c4 $1 $15) 30... Re8 31. Qa2 Rgg8 32. Qb3 (32. Nb3 $1 $11) 32... Rg6 33. Qa2 $1 Kb8 34. Qb3 (34. c4 $15) 34... Rgg8 (34... Nd7 $17) 35. Qa2 (35. c4 $1 $15) 35... Rg6 36. Qb3 $1 Ka7 (36... Rg7 $17) 37. Qa2 (37. c4 $1 $11) 37... Rgg8 $17 38. Qb3 Rgf8 39. Qa2 {[#]} (39. c4 $142) 39... Ng6 $1 $17 40. Qc4 Qe7 41. Rde1 (41. Qd3 $142) 41... Ne5 $2 (41... Nxh4 $19 42. Qxe6 Qg5 (42... Qxe6 $2 43. Nxe6 Nxg2 44. Kxg2 $19)) 42. Qa2 $17 (42. Bxe5 $2 dxe5 43. g3 exd4 $19) 42... Ng6 (42... Kb8 $17 43. Qc2 Rf7) 43. Rd1 $2 (43. Qc4 $1 $11 {and White has nothing to worry.}) 43... Kb8 44. Rc1 (44. Qc4 {was called for.}) 44... Rf7 45. Kg1 $2 (45. Rd1) 45... Nxh4 $19 46. Qxe6 Qxe6 47. Nxe6 Ng6 48. Nd4 h4 49. Bh2 Rfe7 50. Rce1 Kc8 ({Black should try} 50... Rh8 $19 51. Kf1 Rf7) 51. Kf1 $17 Rf7 52. Nf5 d5 53. Nh6 $2 {[#]} (53. exd5 $2 Rxe2 54. Rxe2 Rxf5 $19) (53. g3 $17) 53... g3 $1 $19 54. Bg1 $2 (54. Nxf7 $2 {too greedy.} gxh2 55. Re3 h1=Q+ $19 (55... h1=B 56. Rf3 $17)) (54. Bxg3 Rh7 55. Bh2 (55. exd5 $2 {is the wrong capture.} Rxe2 56. Rxe2 hxg3 $19) 55... Rxh6 56. exd5 Rxe2 57. Rxe2) 54... Rff8 55. f3 (55. exd5 $142 Rxe2 (55... gxf2 56. Bxf2 Rxe2 57. Rxe2 $17) 56. Rxe2) 55... h3 $19 56. gxh3 Rxf3+ 57. Kg2 Nh4+ 58. Kh1 Rxe4 59. Rxe4 dxe4 60. Bxb6 cxb6 61. Ng4 g2+ 62. Kh2 Rf1 0-1

[Event "45th FIDE Olympiad 2024"]
[Site "Budapest"]
[Date "2024.09.16"]
[Round "6.80"]
[White "Ibrahim, Imran Saeed"]
[Black "Skinner, Francis"]
[Result "1-0"]
[WhiteElo "1697"]
[BlackElo "1628"]
[PlyCount "51"]
[EventDate "2024.09.05"]
[EventType "team-tourn"]
[EventCountry "HUN"]
[WhiteTeam "Maldives"]
[BlackTeam "Bahamas"]
[WhiteTeamCountry "MDV"]
[BlackTeamCountry "BAH"]
[TimeControl "40/5400+30:1800+30"]

1. e4 c5 2. Nf3 d6 3. d4 cxd4 4. Nxd4 Nf6 5. Nc3 a6 6. Bd3 Nbd7 7. f4 e6 8. Be3 Be7 9. O-O O-O 10. a4 Qc7 11. g4 Nc5 12. g5 Nxd3 13. cxd3 Nd7 14. Qh5 g6 15. Qe2 b6 16. h4 Re8 17. h5 Bb7 18. hxg6 hxg6 19. Qh2 Bf8 20. Nf3 Bg7 21. Rac1 Qd8 22. Bd4 Nc5 23. Bxg7 Kxg7 24. Qh6+ Kg8 25. Rc2 f6 26. Rh2 1-0

[Event "45th FIDE Olympiad 2024"]
[Site "Budapest"]
[Date "2024.09.16"]
[Round "6.81"]
[White "Ziska, Helgi Dam"]
[Black "Fedoseev, Vladimir"]
[Result "0-1"]
[ECO "B15"]
[WhiteElo "2553"]
[BlackElo "2692"]
[Annotator "TA"]
[PlyCount "80"]
[EventDate "2024.09.05"]
[EventType "team-tourn"]
[EventCountry "HUN"]
[SourceTitle "playchess.com"]
[Source "ChessBase"]
[SourceQuality "1"]
[WhiteTeam "Faroe Islands"]
[BlackTeam "Slovenia"]
[WhiteTeamCountry "FAI"]
[BlackTeamCountry "SLO"]
[TimeControl "40/5400+30:1800+30"]

1. e4 c6 2. d4 d5 3. Nc3 dxe4 4. Nxe4 Nf6 5. Nxf6+ exf6 6. c3 Bd6 7. Bd3 O-O 8. Ne2 Re8 9. O-O Nd7 10. Bf4 Be7 11. Re1 {White has an edge.} Nf8 12. Bg3 f5 13. Qb3 Bg5 14. Bc4 Be6 15. Bxe6 Nxe6 16. f4 (16. Qxb7 f4 17. Qxc6 fxg3 18. Nxg3 Be7 $17) 16... Bf6 17. Qxb7 c5 18. Bf2 cxd4 19. Rad1 (19. Nxd4 $11 Bxd4 20. cxd4 (20. Bxd4 Nxd4 21. Rxe8+ Qxe8 $11)) 19... Qa5 20. b4 (20. Nxd4 $11 Rab8 21. Qf3 Rxb2 22. Qc6) 20... Qxa2 $15 21. cxd4 Rab8 22. Qf3 g6 {[%cal Oa2c4] Black has more active pieces.} (22... Rxb4 23. Nc3 Qb3 24. Rb1 $11) 23. d5 Nf8 24. Nd4 Rxe1+ 25. Bxe1 Re8 {And now ...Bxd4+ would win.} 26. Nc6 Re2 27. Kf1 Re4 28. Bf2 Nd7 29. g3 Nb6 30. Qd3 Nc4 (30... Rc4 $11 31. Rd2 Rc1+ 32. Kg2 Qxd5+ 33. Qxd5 Nxd5) 31. d6 $1 $16 (31. Nxa7 $2 Nb2 32. Qc2 Qa3 $19 (32... Rxb4 33. Qc8+ Kg7 34. Bc5 $17)) 31... Qa4 {White must now prevent ...Nb2.} 32. Ne7+ (32. Nxa7 Nb2 (32... Qxb4 $2 33. d7 $18) 33. d7 Nxd3 $19) (32. Qd5 $16 {[%cal Od6d7] Threatens to win with d7!} Re6 33. d7 (33. Bc5 Kg7 $11) 33... Qxc6 (33... Rxc6 $2 34. d8=Q+ Bxd8 35. Qxd8+ Kg7 36. Re1 $18) 34. Qxc6 (34. d8=R+ Bxd8 35. Qxc6 Rxc6 $16) 34... Rxc6 35. d8=Q+ Bxd8 36. Rxd8+ Kg7 37. Bxa7) 32... Kg7 33. d7 (33. Rc1 $1 $11 {remains equal.} Qb5 (33... Qxb4 34. Nc8 $15) 34. Kg1 (34. Bxa7 Nd2+ 35. Kg2 Qxd3 36. Kh3 Qf3) 34... Nxd6 (34... Qxb4 35. Nd5 $16) 35. Nxf5+ gxf5 (35... Qxf5 36. Qxd6 Be7 37. Qc7 $15) 36. Qxd6) 33... Bxe7 $17 (33... Rxe7 $2 {too greedy.} 34. d8=Q $18 (34. d8=B $2 Nb2 $19) (34. d8=B $2 Nb2 $19)) 34. Qc3+ $2 (34. d8=R $17 Bxd8 35. Qxd8 Ne3+ (35... Qxb4 36. Bd4+ Rxd4 37. Qxd4+ Kh6 38. Kg1 $18) 36. Bxe3 Rxe3 37. Qd4+ Kh6 38. Qxe3 Qxd1+ 39. Kg2) 34... Kh6 $1 $19 35. d8=Q Bxd8 36. Rxd8 {Rg8 is the strong threat.} Qa2 $1 37. Qd3 {[#] Against Re2} Qb2 $2 (37... Qa1+ $1 $19 38. Qd1 Qb2) 38. Kg1 $2 {[%mdl 8192] [#]} (38. Bc5 $15 Qc1+ (38... Qxh2 39. Bf8+ Kh5 40. Qf3#) 39. Kg2 Ne3+ 40. Kh3) 38... Re2 $1 ({Not} 38... Qxb4 39. h3 $17) 39. Qf3 Qc1+ 40. Kg2 Ne3+ {Weighted Error Value: White=0.53/Black=0.17 (very precise) .  Loses game:     	White=1     	---        Missed win:     	---       	Black=1      Mistake:       	White=5     	Black=1      Inaccurate:     	White=2     	Black=2      OK:         	White=9     	Black=9      Best:        	White=1     	Black=3      Strong:       	White=1     	Black=3} 0-1

[Event "45th FIDE Olympiad 2024"]
[Site "Budapest"]
[Date "2024.09.16"]
[Round "6.81"]
[White "Khan, Taffin"]
[Black "Kudakwashe, Chinake"]
[Result "1-0"]
[WhiteElo "2066"]
[BlackElo "1859"]
[PlyCount "81"]
[EventDate "2024.09.05"]
[EventType "team-tourn"]
[EventCountry "HUN"]
[WhiteTeam "Guyana"]
[BlackTeam "Cayman Islands"]
[WhiteTeamCountry "GUY"]
[BlackTeamCountry "CAY"]
[TimeControl "40/5400+30:1800+30"]

1. Nf3 d5 2. g3 Bg4 3. Bg2 Nf6 4. Ne5 Bf5 5. c4 Nbd7 6. Nxd7 Qxd7 7. cxd5 Bxb1 8. Rxb1 Nxd5 9. Qb3 c6 10. e4 Nf6 11. d4 e6 12. O-O Be7 13. h3 O-O 14. Be3 a5 15. a4 Rfe8 16. Rbc1 Bb4 17. f4 Rad8 18. Rfd1 Qe7 19. g4 Kh8 20. Bf2 Ng8 21. g5 Qc7 22. Qf3 Bd6 23. e5 Be7 24. d5 exd5 25. Rxd5 Bb4 26. Qb3 Qe7 27. Rxd8 Rxd8 28. Rd1 Rxd1+ 29. Qxd1 Qe8 30. Qd4 Ne7 31. Be4 Ng6 32. Bc2 Qe7 33. Kg2 Kg8 34. h4 c5 35. Qe4 Bd2 36. Bg3 Qd7 37. f5 Nf8 38. Bb3 g6 39. e6 fxe6 40. fxe6 Qe7 41. Bd6 1-0

[Event "45th FIDE Olympiad 2024"]
[Site "Budapest"]
[Date "2024.09.16"]
[Round "6.82"]
[White "Demchenko, Anton"]
[Black "Nielsen, Hogni Egilstoft"]
[Result "1/2-1/2"]
[ECO "C50"]
[WhiteElo "2597"]
[BlackElo "2379"]
[Annotator "TA"]
[PlyCount "292"]
[EventDate "2024.09.05"]
[EventType "team-tourn"]
[EventCountry "HUN"]
[SourceTitle "playchess.com"]
[Source "ChessBase"]
[SourceQuality "1"]
[WhiteTeam "Slovenia"]
[BlackTeam "Faroe Islands"]
[WhiteTeamCountry "SLO"]
[BlackTeamCountry "FAI"]
[TimeControl "40/5400+30:1800+30"]

1. e4 e5 2. Nf3 Nc6 3. Bc4 Nf6 4. d3 Bc5 5. a4 a6 6. Bg5 {C50: Hungarian Defence and Giuoco Pianissimo.} h6 7. Bh4 Be7 8. Bg3 d6 9. Nbd2 O-O 10. c3 g6 11. O-O Nh5 12. h3 $146 ({Predecessor:} 12. b4 Kg7 13. Ba2 f5 14. exf5 Nxg3 15. fxg3 gxf5 16. Qb3 Bf6 17. Rae1 Ne7 18. Qc2 {½-½ Sevian,S (2665)-Mikhalevski,V (2578) Continental op 49th 2019 (6)}) 12... Bg5 13. Bh2 Kg7 14. Re1 Qf6 15. Nf1 Be6 16. Bxe6 fxe6 17. b4 Bf4 18. Ra2 g5 19. Kh1 Bxh2 20. N1xh2 Qg6 21. g3 Nf6 22. Qb3 Nd7 23. d4 Qf6 24. Rd2 b5 25. a5 Rab8 26. d5 exd5 27. Qxd5 Ne7 28. Qa2 Qf7 29. Kg2 Qxa2 30. Rxa2 Nf6 31. Ng4 Kg6 32. Rc2 Nc6 33. Nd2 Ng8 34. Rh1 Nge7 35. Ne3 Rbc8 36. h4 Nd8 37. hxg5 hxg5 38. Ng4 Nf7 39. c4 Nc6 40. cxb5 Nd4 41. Rc3 axb5 42. Ne3 c6 43. Nf5 Nxf5 44. exf5+ Kxf5 45. Rhc1 c5 46. bxc5 dxc5 47. Rxc5 Rxc5 48. Rxc5 Rb8 49. Rc6 g4 50. a6 Nd8 51. Rc7 Ra8 52. a7 Ke6 53. Ne4 b4 54. Rc4 Rxa7 55. Rxb4 Rc7 56. Nd2 Nc6 57. Rxg4 Nd4 58. Rg8 Kf5 59. Rf8+ Kg6 60. Ne4 Rc6 61. Kh3 Kg7 62. Ra8 Rh6+ 63. Kg2 Rc6 64. Re8 Ne6 65. Kh3 Kf7 66. Ra8 Nd4 67. Ra5 Ke6 68. Kg4 Rb6 69. f3 Rc6 70. Ra8 Kf7 71. Ra7+ Kg6 72. Rd7 Nf5 73. Rd3 Rb6 74. Ra3 Rc6 75. Rd3 Rb6 76. Rc3 Ra6 77. Kh3 Nd4 78. Re3 Nf5 79. Rd3 Nd4 80. Nf2 Kf5 81. Re3 Ne6 82. Kg2 Ra5 83. Nd3 Ra2+ 84. Kg1 Ra1+ 85. Kf2 Ra2+ 86. Ke1 Ra5 87. g4+ Kf6 88. Kf2 Ra2+ $1 89. Kg3 Ra3 90. Kf2 Ra2+ 91. Re2 Ra5 ({Black should play} 91... Rxe2+ $1 $11 92. Kxe2 Ng5) 92. Kg3 $14 Ng5 93. Re3 Ra3 94. Nb4 Ra5 95. Rc3 Ne6 96. Nd3 Ra6 97. Nf2 Ng5 98. Kh4 Kg6 99. Re3 Kf6 100. Rb3 Kg6 101. Kg3 Kf6 102. Nd3 Rc6 ({Better is} 102... Ne6 $14) 103. Rb5 $16 Nf7 104. Nb4 Rd6 105. Nd5+ Ke6 106. Ne3 Kf6 (106... Rd3 $142) 107. Nc4 Rc6 108. Nd2 Ng5 109. Kh4 Rd6 $2 ({Black should try} 109... Rc1 $1 $14) 110. Ne4+ $2 (110. f4 $1 $18 Rxd2 111. fxe5+ (111. fxg5+ Kg6 $11) 111... Kg6 112. Rb6+ Kf7 113. Kxg5) 110... Nxe4 $11 111. fxe4 Rd4 $1 112. g5+ Ke6 113. Rb6+ Kf7 114. Kh5 Rxe4 115. Rb7+ Kf8 116. Kg6 Re1 117. Rf7+ Kg8 118. Rg7+ (118. Re7 $5 Kf8 $8 119. Rf7+ Kg8 120. Rf6 $11) 118... Kf8 119. Rf7+ Kg8 120. Ra7 Kf8 $1 121. Ra8+ (121. Kf6 $5 Rf1+ $8 122. Kxe5 $11) 121... Ke7 122. Kg7 Rg1 123. g6 Rg2 124. Kh7 Rh2+ 125. Kg8 Rg2 126. g7 Rh2 127. Ra7+ Ke8 $2 (127... Ke6 $11) 128. Rb7 Rh1 129. Rf7 Rh5 130. Rf2 Ke7 131. Rf8 Rh1 132. Rf7+ Ke6 133. Ra7 $2 (133. Kf8 {mates} Rg1 134. g8=Q (134. g8=R Rc1 $18) 134... Rxg8+ 135. Kxg8 e4 136. Kg7 Ke5 137. Kh6 Kd4 138. Kg5) 133... e4 $11 134. Ra5 Kf6 135. Ra6+ Ke5 136. Ra8 e3 137. Re8+ Kd4 138. Re6 Rg1 139. Kf7 Kd3 140. Rd6+ Kc2 (140... Ke2 141. Rg6 Rc1 142. Rg2+ (142. g8=R Rc7+ 143. Kf6 Rc6+ 144. Kg5 Rxg6+ 145. Rxg6 Kf3 $11) 142... Kd3 143. g8=Q (143. g8=R Rh1 $18) 143... Kd4 144. Qg4+ Ke5 145. Qd7 Rf1+ 146. Ke7) 141. Rg6 Rxg6 $1 142. Kxg6 e2 143. g8=Q e1=Q 144. Qa2+ Kd1 145. Qb1+ Kd2 146. Qxe1+ Kxe1 1/2-1/2

[Event "45th FIDE Olympiad 2024"]
[Site "Budapest"]
[Date "2024.09.16"]
[Round "6.82"]
[White "Young, Christopher"]
[Black "Drayton, Anthony"]
[Result "1-0"]
[WhiteElo "1758"]
[BlackElo "1964"]
[PlyCount "120"]
[EventDate "2024.09.05"]
[EventType "team-tourn"]
[EventCountry "HUN"]
[WhiteTeam "Cayman Islands"]
[BlackTeam "Guyana"]
[WhiteTeamCountry "CAY"]
[BlackTeamCountry "GUY"]
[TimeControl "40/5400+30:1800+30"]

1. d4 d5 2. c4 e6 3. Nc3 Nf6 4. Nf3 Bb4 5. e3 O-O 6. Bd3 dxc4 7. Bxc4 c5 8. a3 Bxc3+ 9. bxc3 Qa5 10. Bd2 Qc7 11. Qe2 Nbd7 12. O-O e5 13. dxe5 Nxe5 14. Nxe5 Qxe5 15. f3 Be6 16. e4 Rad8 17. Rad1 b6 18. Rfe1 Bxc4 19. Qxc4 Rd7 20. Qa4 Rfd8 21. Qc2 c4 22. Be3 Qe7 23. a4 Ne8 24. Rd4 Rxd4 25. Bxd4 Nc7 26. Qe2 Qe6 27. f4 Qc6 28. f5 f6 29. e5 fxe5 30. Qxe5 Qd7 31. Qg3 Re8 32. Rf1 Qf7 33. h4 Rf8 34. h5 Nd5 35. f6 h6 36. Rf3 Re8 37. Rf5 Nc7 38. Rf1 Ne6 39. fxg7 Qxh5 40. Rf8+ Rxf8 41. gxf8=Q+ Kxf8 42. Qd6+ Ke8 43. Qxe6+ Kd8 44. Bf6+ Kc7 45. Qxc4+ Kb7 46. Qe4+ Ka6 47. Qc4+ Kb7 48. Qd4 Qf5 49. c4 Ka6 50. Be7 Qb1+ 51. Kh2 Qe1 52. Bd8 Qe8 53. c5 Qh5+ 54. Kg1 Qxc5 55. Qxc5 bxc5 56. g4 Kb7 57. Kf2 Kc6 58. Ke3 Kd5 59. Bf6 Kc4 60. Bg7 Kb4 1-0

[Event "45th FIDE Olympiad 2024"]
[Site "Budapest"]
[Date "2024.09.16"]
[Round "6.83"]
[White "Egilstoft, Rogvi"]
[Black "Sebenik, Matej"]
[Result "0-1"]
[ECO "C11"]
[WhiteElo "2278"]
[BlackElo "2515"]
[Annotator "TA"]
[PlyCount "82"]
[EventDate "2024.09.05"]
[EventType "team-tourn"]
[EventCountry "HUN"]
[SourceTitle "playchess.com"]
[Source "ChessBase"]
[SourceQuality "1"]
[WhiteTeam "Faroe Islands"]
[BlackTeam "Slovenia"]
[WhiteTeamCountry "FAI"]
[BlackTeamCountry "SLO"]
[TimeControl "40/5400+30:1800+30"]

1. e4 e6 2. Nf3 d5 3. Nc3 Nf6 4. e5 Nfd7 5. d4 c5 6. dxc5 Nc6 7. Bf4 Nxc5 8. Bd3 Be7 9. h4 f6 10. Rh3 (10. exf6 $15 Bxf6 11. Bg5) 10... Nxd3+ (10... fxe5 {looks sharper.} 11. Nxe5 O-O 12. Bxh7+ Kxh7 13. Qh5+ Kg8) 11. cxd3 fxe5 {Black is better.} 12. Bxe5 d4 {[%cal Oc6e5] [#] Threatens to win with ...Nxe5!} 13. Bxg7 Rg8 14. Ng5 $2 Rxg7 $19 15. Qh5+ {[#]} Kd7 $1 16. Nce4 Qe8 17. Qd1 h6 18. Nf3 Kc7 19. Qa4 e5 20. Rg3 Rxg3 21. fxg3 Bf5 22. Rc1 Bxe4 23. dxe4 a6 24. Qa5+ Kb8 25. Qb6 Bd6 {[%cal Oe8g6] aiming for ...Qg6!} 26. Kf2 Qd7 27. g4 (27. Nd2 $142) 27... Bc7 28. Qb3 Ka7 29. g5 hxg5 30. hxg5 Bb6 {...d3+ is the strong threat.} 31. Kg3 Rf8 32. Rh1 d3 {...Nd4 would now be deadly.} 33. g6 Qd6 (33... Nd4 $142 34. Rh7 Qd6 35. Qxd3 Qxg6+ 36. Ng5 Qxg5+ 37. Kh3 Rg8 38. g3 Qg6 39. Rh4 Bd8 40. Qc3 Bxh4 41. b4 Qg4+ (41... Bxg3 {is a self mate.} 42. Qc5+ Ka8 43. Qa7+ Kxa7 44. b5 Qh7+ 45. Kg2 Bh4+ 46. Kh3 Bf6#) 42. Kg2 Qxe4+ (42... Qxg3+ 43. Qxg3 Rxg3+ 44. Kf1 Ra3 45. Kg2 b5 46. Kg1 Rxa2 47. Kh1 Kb6 48. Kg1 Nf3+ 49. Kh1 Rh2#) 43. Kg1 Rxg3+ (43... Bxg3 {gets mated.} 44. Qc5+ Ka8 45. Qc4) 44. Qxg3 Bxg3 (44... Ne2+ 45. Kh2 Bxg3+ 46. Kh3 Qf3 47. a4 Ng1#) 45. b5 Ne2+ 46. Kf1 Qf3#) 34. Rh6 Qf6 35. Kh3 Qg7 36. Rh4 Qxg6 {( -> ...Bf2)} 37. Qxd3 Qe6+ 38. Kh2 Nd4 39. Nxd4 Bxd4 40. Rh7 Qxa2 41. b3 Qf2 {White did not feel at home in the position after the opening.   Weighted Error Value: White=0.86/Black=0.29 (precise) .  Loses game:     	White=1     	---        Mistake:       	White=2     	---        Inaccurate:     	White=1     	---        OK:         	White=4     	Black=9      Best:        	---       	Black=2      Strong:       	---       	Black=1} 0-1

[Event "45th FIDE Olympiad 2024"]
[Site "Budapest"]
[Date "2024.09.16"]
[Round "6.83"]
[White "Nathoo, Loris"]
[Black "Tracey, Shaun M"]
[Result "1/2-1/2"]
[WhiteElo "1788"]
[BlackElo "1684"]
[PlyCount "91"]
[EventDate "2024.09.05"]
[EventType "team-tourn"]
[EventCountry "HUN"]
[WhiteTeam "Guyana"]
[BlackTeam "Cayman Islands"]
[WhiteTeamCountry "GUY"]
[BlackTeamCountry "CAY"]
[TimeControl "40/5400+30:1800+30"]

1. d4 e6 2. Bf4 f5 3. e3 Nf6 4. Nf3 b6 5. Be2 Bb7 6. O-O d6 7. h3 Nbd7 8. c4 Ne4 9. Bh2 Qe7 10. Nc3 Nxc3 11. bxc3 g6 12. Rb1 c5 13. Qa4 Kf7 14. Rfd1 Bg7 15. Qb5 Rhd8 16. Rd2 e5 17. Rbd1 Kg8 18. Ne1 Nf8 19. Bf3 e4 20. Be2 Ne6 21. dxc5 Bxc3 22. cxd6 Qg7 23. Rc2 Nc5 24. Rdc1 Be5 25. Bxe5 Qxe5 26. Rd2 Rd7 27. Rcd1 Rad8 28. Nc2 Rxd6 29. Rxd6 Rxd6 30. Rxd6 Qxd6 31. Qe8+ Kg7 32. Nd4 a6 33. h4 Qf6 34. Qb8 Qe7 35. Qg3 Qf6 36. Qc7+ Kg8 37. h5 g5 38. h6 f4 39. Qb8+ Qf8 40. Qc7 Qxh6 41. Nf5 Qf6 42. Ne7+ Kf8 43. Qd8+ Kf7 44. Bh5+ Ke6 45. Bg4+ Kf7 46. Bh5+ 1/2-1/2

[Event "45th FIDE Olympiad 2024"]
[Site "Budapest"]
[Date "2024.09.16"]
[Round "6.84"]
[White "Lavrencic, Matic"]
[Black "Rodgaard, John"]
[Result "1-0"]
[ECO "B48"]
[WhiteElo "2360"]
[BlackElo "2273"]
[Annotator "TA"]
[PlyCount "67"]
[EventDate "2024.09.05"]
[EventType "team-tourn"]
[EventCountry "HUN"]
[SourceTitle "playchess.com"]
[Source "ChessBase"]
[SourceQuality "1"]
[WhiteTeam "Slovenia"]
[BlackTeam "Faroe Islands"]
[WhiteTeamCountry "SLO"]
[BlackTeamCountry "FAI"]
[TimeControl "40/5400+30:1800+30"]

1. e4 c5 2. Nf3 e6 3. d4 cxd4 4. Nxd4 Nc6 5. Nc3 Qc7 6. Be3 a6 7. a3 b5 8. Nxc6 Qxc6 9. h4 Bb7 10. h5 h6 {The position is equal.} 11. Rh3 e5 (11... Qc7 $11) 12. Qd3 $16 Nf6 13. O-O-O Bc5 14. Nd5 Nxd5 15. exd5 Bxe3+ (15... Qd6 $142) 16. Rxe3 (16. Qxe3 Qf6 $14) 16... Qf6 17. Qe4 {Inhibits d6.} d6 18. f4 O-O-O 19. fxe5 dxe5 20. Be2 Rhe8 21. Qg4+ Kb8 {[#]} 22. Rf3 $1 $36 {[%mdl 2048] White is in control.} Qb6 23. Rxf7 Bxd5 24. Rxg7 {White is more active.} e4 $2 {Loses the game.} (24... Qe3+ $16 {was called for.} 25. Kb1 Be4) 25. Qg3+ Ka8 26. Rg6 Qc5 (26... Re6 27. Kb1 Rxg6 28. hxg6 Qe6) 27. Rxa6+ $18 (27. Rxh6 Bb3 28. Rxa6+ (28. Qxb3 Qg5+ 29. Kb1 Rxd1+ 30. Bxd1 Qxh6 $18) (28. Rxd8+ $2 Rxd8 29. Bd1 Bxc2 $19) 28... Kb7 29. Qxb3 Rxd1+ 30. Bxd1 Kxa6 $16) 27... Kb7 28. Rxh6 Bc4 29. Rh7+ Ka8 {[#]} 30. Qg6 $1 {Threatening mate with Qa6+.} b4 (30... Be6 31. Qxe4+) 31. axb4 Bxe2 32. Qxe4+ {?ev?.} (32. bxc5 $2 Rxd1#) 32... Rxe4 33. Rxd8+ Qc8 34. Rxc8# {Weighted Error Value: White=0.17 (very precise) /Black=0.81.  Loses game:     	---       	Black=1      Mistake:       	---       	Black=3      Inaccurate:     	White=2     	Black=5      OK:         	White=9     	Black=4      Best:        	White=3     	Black=3      Strong:       	White=1     	---} 1-0

[Event "45th FIDE Olympiad 2024"]
[Site "Budapest"]
[Date "2024.09.16"]
[Round "6.84"]
[White "Powell, Malcolm"]
[Black "Pitamber, Sachin Dhilan"]
[Result "0-1"]
[WhiteElo "1545"]
[BlackElo "1715"]
[PlyCount "80"]
[EventDate "2024.09.05"]
[EventType "team-tourn"]
[EventCountry "HUN"]
[WhiteTeam "Cayman Islands"]
[BlackTeam "Guyana"]
[WhiteTeamCountry "CAY"]
[BlackTeamCountry "GUY"]
[TimeControl "40/5400+30:1800+30"]

1. Nf3 d5 2. d4 Nf6 3. g3 c5 4. c4 e6 5. Bg2 Nc6 6. O-O dxc4 7. dxc5 Qxd1 8. Rxd1 Bxc5 9. a3 O-O 10. Nc3 e5 11. Bg5 Ng4 12. Ne4 Bb6 13. h3 f5 14. hxg4 fxe4 15. Be3 exf3 16. exf3 Bxe3 17. fxe3 e4 18. f4 Bxg4 19. Rd2 Rfe8 20. Rc1 Na5 21. Rd5 b6 22. Bf1 Rad8 23. Rxd8 Rxd8 24. Bg2 Rd3 25. Bxe4 Rxe3 26. Bd5+ Kf8 27. Rc3 Rxc3 28. bxc3 Ke7 29. Kf2 Kd6 30. Bg8 Bf5 31. Kf3 h5 32. Bf7 g6 33. Ke3 Kc5 34. Kd2 Nb7 35. Be8 Nd6 36. Ba4 Ne4+ 37. Ke3 Nxc3 38. Be8 Ne4 39. Kf3 b5 40. Bf7 c3 {0-} 0-1

[Event "45th FIDE Olympiad 2024"]
[Site "Budapest"]
[Date "2024.09.16"]
[Round "6.85"]
[White "Ashiku, Franc"]
[Black "Peralta, Fernando"]
[Result "1/2-1/2"]
[ECO "D02"]
[WhiteElo "2400"]
[BlackElo "2558"]
[Annotator "TA"]
[PlyCount "68"]
[EventDate "2024.09.05"]
[EventType "team-tourn"]
[EventCountry "HUN"]
[SourceTitle "playchess.com"]
[Source "ChessBase"]
[SourceQuality "1"]
[WhiteTeam "Albania"]
[BlackTeam "Argentina"]
[WhiteTeamCountry "ALB"]
[BlackTeamCountry "ARG"]
[TimeControl "40/5400+30:1800+30"]

1. d4 d5 2. Nf3 Nf6 3. Bf4 c5 4. e3 Nc6 5. Nbd2 cxd4 6. exd4 Bf5 7. Bb5 e6 8. Ne5 Qb6 9. c4 dxc4 10. Bxc6+ bxc6 11. Ndxc4 {Excellent horsemanship.} ({Reject} 11. Nexc4 Qxd4 12. Qa4 Qc5 $15 (12... Qxf4 $2 {loses.} 13. Qxc6+ Ke7 14. Qxa8 $18)) 11... Qa6 12. Qe2 {[%cal Oc4d6] [#] Strongly threatening Nd6+!} Bb4+ 13. Bd2 Bxd2+ $1 14. Qxd2 {Nd6+ would now be deadly.} O-O 15. Qa5 {Prevents Rfd8.} Qb5 16. O-O Be4 17. Rfd1 Bd5 {The position is equal.} 18. b3 (18. Rac1 {is more complex.} Ng4 19. Qa3 Nxe5 20. Nxe5 a5 21. Rd2) 18... Bxc4 19. Nxc4 Rfd8 20. Rac1 h6 21. Qe1 c5 22. dxc5 Rxd1 23. Rxd1 {Black must now prevent Qa5.} Qxc5 24. Qa5 Qxa5 25. Nxa5 $11 {[%mdl 4096] Endgame. KRN-KRN} Rc8 26. Nc4 Nd5 27. f3 Kf8 28. Kf2 Ke7 29. Rd2 g5 30. Ne3 Nxe3 31. Kxe3 Rc1 32. Rd4 Rc2 33. Rd2 ({Much weaker is} 33. Ra4 Rxg2 34. Rxa7+ Kf6 $15) 33... Rc1 34. Rd4 Rc2 {An interesting draw.   Weighted Error Value: White=0.03 (flawless) /Black=0.04 (flawless) .  Inaccurate:     	---       	Black=1      OK:         	White=13    	Black=17     Best:        	White=1     	Black=1      Strong:       	---       	Black=1} 1/2-1/2